[Event "Late-Titled-Tuesday-Blitz-February-20-2024"]
[Site "Chess.com"]
[Date "2024.02.20"]
[Round "1"]
[White "NLLO777"]
[Black "dropstoneDP"]
[Result "0-1"]
[WhiteElo "2503"]
[BlackElo "3015"]
[TimeControl "180+1"]
[EndTime "14:06:22 PST"]
[Termination "dropstoneDP won by resignation"]

1. d4 d5 2. c4 dxc4 3. Nf3 Nf6 4. e3 e6 5. Bxc4 c5 6. O-O Nc6 7. Qe2 a6 8. Rd1 b5 9. dxc5 Qc7 10. Bd3 Bxc5 11.
Nbd2 O-O 12. a4 bxa4 13. Rxa4 Rd8 14. h3 Nb4 15. Bb1 a5 16. Nb3 Ba6 17. Rxd8+ Rxd8 18. Qe1 Bb6 19. Bd2 Bb5 20. Ra1 g6 21. Nfd4 Bc4 22.
Bxb4 axb4 23. Bc2 Bxb3 24. Bxb3 Bxd4 25. exd4 Rxd4 26. Rc1 Qd6 27. g3 Kg7 28. Bd1 h5 29. h4 Qd5 30. Be2 Re4 31. Qd1 Qxd1+ 32. Bxd1 Re1+ 33.
Kg2 Nd5 34. Rb1 f5 35. Bc2 Ne3+ 36. fxe3 Re2+ 37. Kf3 Rxc2 38. e4 b3 39. exf5 gxf5 40. Ke3 Kf6 41. Kf3 e5 42. Ke3 Ke6 43. Kf3 e4+ 44.
Ke3 Rg2 45. Kf4 Rf2+ 46. Kg5 Ke5 47. Kxh5 Rg2 48. Ra1 Rxg3 49. Ra5+ Kf4 50. Rb5 e3 0-1

[Event "Late-Titled-Tuesday-Blitz-February-20-2024"]
[Site "Chess.com"]
[Date "2024.02.20"]
[Round "1"]
[White "NikolaGry"]
[Black "Inepton_Fermion"]
[Result "1-0"]
[WhiteElo "2720"]
[BlackElo "2379"]
[TimeControl "180+1"]
[EndTime "14:06:22 PST"]
[Termination "NikolaGry won by resignation"]

1. b3 e5 2. Bb2 Nc6 3. c4 Nf6 4. e3 d5 5. cxd5 Nxd5 6. a3 Be7 7. d3 Be6 8. Nf3 f6 9. Be2 O-O 10. Nbd2 a5 11. O-O Qd7 12. Rc1 Kh8 13. Qc2 Nb6 14. Rfd1 Rad8 15. Nc4 Nxc4 16. bxc4 Bf5 17.
Qb3 b6 18. d4 e4 19. Nd2 a4 20.
Qc2 Na5 21. Nxe4 Nb3 22. Rb1 Rfe8 23. Bd3 Qe6 24. Nd2 Bxd3 25. Qxd3 Nxd2 26. Rxd2 Bd6 27.
Qc2 Qd7 28. Rbd1 Qc6 29. h3 b5 30. c5 Bf8 31. Bc3 Qd5 32. Bb4 c6 33. Rd3 Re6 34. Qe2 Rde8 35. Qf3 Qxf3 36. gxf3 Re4 37. fxe4 1-0

[Event "Late-Titled-Tuesday-Blitz-February-20-2024"]
[Site "Chess.com"]
[Date "2024.02.20"]
[Round "1"]
[White "GnowReopard"]
[Black "CFalcons8"]
[Result "1-0"]
[WhiteElo "2811"]
[BlackElo "2425"]
[TimeControl "180+1"]
[EndTime "14:06:23 PST"]
[Termination "GnowReopard won by resignation"]

1. e4 e5 2. Nf3 Nc6 3. Bc4 Bc5 4. c3 Nf6 5. d4 exd4 6. e5 d5 7. Bb5 Ne4 8. cxd4 Bb4+ 9. Bd2 Bxd2+ 10. Nbxd2 O-O 11. O-O Bg4 12. Bxc6 bxc6 13. Qc2 Nxd2 14.
Nxd2 Qd7 15. Rac1 Be2 16. Rfe1 Bb5 17. a4 Ba6 18. Qxc6 Qxc6 19. Rxc6 Bd3 20. Rxc7 Rab8 21. b3 a6 22. Rec1 Rb4 23. R7c3 Bf5 24. Nf3 Rfb8 25. Rc5 Be6 26. Ra5 Rxb3 27. Rxa6 Rc3 28. Re1 Bg4 29.
Rd6 Bxf3 30. gxf3 Rxf3 31. Rxd5 Ra3 32. a5 Ra8 33. Rc1 Kf8 34. Rc7 Ke8 35. Rdd7 Rf3 36. Re7+ Kf8 37. Ra7 Rxa7 38. Rxa7 Rd3 39. a6 Rxd4 40. Rb7 1-0

[Event "Late-Titled-Tuesday-Blitz-February-20-2024"]
[Site "Chess.com"]
[Date "2024.02.20"]
[Round "1"]
[White "TigrVShlyape"]
[Black "gmtalentoso"]
[Result "1-0"]
[WhiteElo "2920"]
[BlackElo "2469"]
[TimeControl "180+1"]
[EndTime "14:06:24 PST"]
[Termination "TigrVShlyape won by resignation"]

1. d4 Nf6 2. Bf4 e6 3. e3 d5 4. Nf3 Bd6 5. Nbd2 O-O 6. c3 c5 7. Bd3 Qc7 8. Ne5 Nbd7 9. Ndf3 Ne4 10. Qc2 Ndf6 11. g4 c4 12. Be2 b5 13. a3 a5 14. h4 Bb7 15. g5 Nh5 16. Bh2 b4 17.
Nd2 Nxd2 18. Qxd2 bxc3 19. bxc3 f6 20. gxf6 Nxf6 21. f3 Nd7 22. Nxd7 Qxd7 23. Bxd6 Qxd6 24. f4 Bc6 25. Kf2 Be8 26. h5 Ra7 27. Rhg1 Qe7 28.
Rg3 Qh4 29. Kg2 Rf5 30. Rh1 Qe7 31. h6 g6 32. Bg4 Rf6 33. Rb1 Rb7 34. Rxb7 Qxb7 35. Kh2 Qb3 36. Qc1 Ba4 37. Rg2 Kf8 38.
Rb2 Qd1 39. Bxd1 1-0

[Event "Late-Titled-Tuesday-Blitz-February-20-2024"]
[Site "Chess.com"]
[Date "2024.02.20"]
[Round "1"]
[White "otrov-11"]
[Black "Viktor_Poddubnyi"]
[Result "1-0"]
[WhiteElo "2605"]
[BlackElo "2286"]
[TimeControl "180+1"]
[EndTime "14:06:24 PST"]
[Termination "otrov-11 won on time"]

1. d4 g6 2. c4 Bg7 3. g3 c5 4.
d5 f5 5. Bg2 d6 6. Nf3 Nf6 7. O-O O-O 8. Nc3 a6 9. a4 h6 10. Qc2 g5 11. e4 fxe4 12. Nxe4 Nxe4 13. Qxe4 Bf5 14. Qe3 Nd7 15. Re1 Bg4 16. Rb1 Rf7 17. h3 Bh5 18. b4 Bxf3 19. Bxf3 Bd4 20. Qe2 Ne5 21. Rb3 Qf8 22. Kg2 cxb4 23. Rf1 a5 24. Bh5 Rf6 25. f4 gxf4 26. gxf4 Ng6 27. Rg3 Kh7 28.
Qe4 Qf7 29. Qxd4 Nh4+ 30. Kh1 Qxh5 31. Rfg1 Ng6 32. Bb2 Raf8 33. Qe4 R8f7 34. Bxf6 Rxf6 35. Kh2 Rxf4 36. Qxg6+ 1-0

[Event "Late-Titled-Tuesday-Blitz-February-20-2024"]
[Site "Chess.com"]
[Date "2024.02.20"]
[Round "1"]
[White "Pelusiansky"]
[Black "TheMagician"]
[Result "1-0"]
[WhiteElo "2562"]
[BlackElo "2194"]
[TimeControl "180+1"]
[EndTime "14:06:26 PST"]
[Termination "Pelusiansky won on time"]

1. d4 Nf6 2. c4 e6 3. Nf3 Bb4+ 4. Nbd2 O-O 5. Qc2 d5 6. e3 Nbd7 7. a3 Be7 8. b4 a5 9. b5 c6 10.
bxc6 bxc6 11. Bd3 a4 12. O-O Ba6 13. Ne1 c5 14. cxd5 Bxd3 15. Nxd3 Nxd5 16. dxc5 Qa5 17. Nc4 Qa7 18. c6 Nb8 19. e4 Nf6 20. Be3 Qc7 21. Nce5 Ra5 22. Rab1 Bxa3 23. Bb6 1-0

[Event "Late-Titled-Tuesday-Blitz-February-20-2024"]
[Site "Chess.com"]
[Date "2024.02.20"]
[Round "1"]
[White "ElCoachRene"]
[Black "delqate"]
[Result "0-1"]
[WhiteElo "1952"]
[BlackElo "2523"]
[TimeControl "180+1"]
[EndTime "14:06:26 PST"]
[Termination "delqate won by resignation"]

1. Nf3 d5 2. d4 Nf6 3. Bf4 c5 4. e3 Nc6 5. Nbd2 Bg4 6. c3 e6 7. Qb3 Qb6 8. Ne5 Nxe5 9. Bxe5 c4 10. Qxb6 axb6 11. a3 Nd7 12. Bf4 h6 13. h3 Bf5 14. Rc1 b5 15. Be2 g5 16. Bg3 Be7 17.
O-O Nb6 18. Be5 f6 19. Bh5+ Kd7 20. Bh2 Bd3 21. Rfe1 Na4 22. e4 Nxb2 23. exd5 exd5 24. Re3 Bxa3 25. Rce1 Na4 26. Bg4+ f5 27. Rxd3 cxd3 28. Bxf5+ Kd8 29. Nb1 Re8 30. Rxe8+ Kxe8 31. Nxa3 d2 32. Bc2 Nxc3 0-1

[Event "Late-Titled-Tuesday-Blitz-February-20-2024"]
[Site "Chess.com"]
[Date "2024.02.20"]
[Round "1"]
[White "ChessFanNM"]
[Black "biostatistician"]
[Result "1-0"]
[WhiteElo "2321"]
[BlackElo "2598"]
[TimeControl "180+1"]
[EndTime "14:06:28 PST"]
[Termination "ChessFanNM won on time"]

1. Nf3 Nf6 2. c4 g6 3. Nc3 Bg7 4. e4 d6 5. d4 O-O 6. Be2 e5 7. O-O Nc6 8. d5 Ne7 9. b4 Nh5 10. Re1 f5 11. Ng5 Nf6 12. Bf3 fxe4 13. Ncxe4 Nxe4 14. Bxe4 Nf5 15. c5 Nd4 16. Be3 Bf5 17.
Rc1 Bxe4 18. Nxe4 Qh4 19. Bxd4 exd4 20. g3 Qh6 21. cxd6 cxd6 22. Qg4 d3 23. Rc7 Rae8 24.
Rd1 Re5 25. Rxd3 Ref5 26. f4 Rh5 27. Qe6+ Kh8 28. h4 Rxh4 29. gxh4 1-0

[Event "Late-Titled-Tuesday-Blitz-February-20-2024"]
[Site "Chess.com"]
[Date "2024.02.20"]
[Round "1"]
[White "MajorCoast"]
[Black "ozates"]
[Result "0-1"]
[WhiteElo "2218"]
[BlackElo "2572"]
[TimeControl "180+1"]
[EndTime "14:06:28 PST"]
[Termination "ozates won by checkmate"]

1. g3 c5 2. Bg2 Nc6 3. e4 g6 4. d3 Bg7 5. Nc3 d6 6. Be3 e5 7. Qd2 Be6 8. Nge2 Qd7 9. Nd5 Nd4 10. c3 Nxe2 11. Qxe2 Bxd5 12. exd5 Ne7 13. c4 O-O 14. h4 Nf5 15. Bh3 h5 16. Qf3 Rab8 17. a4 a6 18. Bxf5 Qxf5 19. Qxf5 gxf5 20. Ke2 b5 21.
axb5 axb5 22. Rhb1 bxc4 23. dxc4 Rb4 24. b3 Rfb8 25.
Ra6 Bf8 26. Ra3 Rxc4 27. bxc4 Rxb1 28. Bg5 Rb4 29. Kd3 e4+ 30. Ke3 Rxc4 31. Kf4 Rd4 32. Kxf5 Rxd5+ 33. Kxe4 Re5+ 34. Kd3 d5 35. Ra8 Kg7 36.
Ra6 Re6 37. Ra8 Re4 38. Ra6 c4+ 39. Kc3 Bc5 40. Bf6+ Kh7 41. Ra8 Bxf2 42. Bg5 Be1+ 43. Kc2 d4 44. Rd8 d3+ 45. Kd1 Ba5 46. Rd7 Re1# 0-1

[Event "Late-Titled-Tuesday-Blitz-February-20-2024"]
[Site "Chess.com"]
[Date "2024.02.20"]
[Round "1"]
[White "mishanick"]
[Black "Maestro1986"]
[Result "1-0"]
[WhiteElo "3008"]
[BlackElo "2500"]
[TimeControl "180+1"]
[EndTime "14:06:29 PST"]
[Termination "mishanick won by resignation"]

1. c4 g6 2. d4 Bg7 3. e4 d6 4. Nc3 c5 5. d5 Nf6 6. Bd3 O-O 7. Nf3 e6 8. h3 exd5 9. cxd5 a6 10. a4 Nbd7 11.
O-O Qc7 12. Bf4 c4 13. Bc2 Rb8 14. Re1 b5 15. axb5 axb5 16. e5 Nh5 17. exd6 Qc5 18.
Ne4 Qb4 19. Be3 Qxb2 20. Rb1 Qa3 21. Nd4 b4 22. Nc6 b3 23. Nxb8 Nxb8 24. Bxb3 cxb3 25.
Rxb3 Qa8 26. Bd4 Nd7 27. Bxg7 Nxg7 28. Rc3 Ne8 29. Qd4 Qb8 30. Rc6 Bb7 31. Rb1 f5 32. Nc5 Nxc5 33. Qxc5 Qa8 34. d7 Nf6 35. Rxb7 Qxb7 36.
Qxf8+ Kxf8 1-0

[Event "Late-Titled-Tuesday-Blitz-February-20-2024"]
[Site "Chess.com"]
[Date "2024.02.20"]
[Round "1"]
[White "Onthequiet"]
[Black "MarcoRiehle"]
[Result "0-1"]
[WhiteElo "2444"]
[BlackElo "2857"]
[TimeControl "180+1"]
[EndTime "14:06:29 PST"]
[Termination "MarcoRiehle won by checkmate"]

1. d4 d5 2. Nf3 e6 3. c4 Nf6 4. Nc3 dxc4 5. Qa4+ Nbd7 6. Qxc4 a6 7. Bg5 b5 8. Qd3 c5 9. dxc5 Bxc5 10. e3 O-O 11. Be2 Bb7 12. O-O Qb6 13. Rfd1 h6 14. Bh4 Rfd8 15.
Qc2 Rac8 16. Bxf6 Nxf6 17. Rxd8+ Rxd8 18. Ne5 Bxe3 19. Bf3 Bd4 20. Nd3 Bxf3 21. gxf3 Bxc3 22. Qxc3 Nd5 23. Qe5 f6 24. Qe4 e5 25. Rc1 Ne7 26.
Nc5 Qd6 27. Qb7 Ng6 28. Qxa6 Qd2 29. Nb3 Qg5+ 30. Kh1 Nf4 31. Rg1 Qh5 32. Qb7 Ng6 33. Qe4 Nh4 34. f4 Nf3 35. Rxg7+ Kxg7 36. fxe5 Qxh2# 0-1

[Event "Late-Titled-Tuesday-Blitz-February-20-2024"]
[Site "Chess.com"]
[Date "2024.02.20"]
[Round "1"]
[White "thesupera12"]
[Black "Hrant_ChessMood"]
[Result "0-1"]
[WhiteElo "2500"]
[BlackElo "3004"]
[TimeControl "180+1"]
[EndTime "14:06:30 PST"]
[Termination "Hrant_ChessMood won by resignation"]

1. d4 Nf6 2. Bg5 d5 3. Bxf6 gxf6 4. e3 e6 5. c4 a6 6. Nc3 dxc4 7. Bxc4 b5 8. Bd3 Bb7 9. Be4 Bxe4 10. Nxe4 f5 11. Nc3 Bg7 12. Nf3 O-O 13. O-O c5 14. dxc5 Nc6 15.
Qxd8 Rfxd8 16. Rac1 Nb4 17. a3 Nd3 18. Rc2 Nxb2 19.
Rxb2 Bxc3 20. Rc2 Bf6 21. Rfc1 Rac8 22. c6 Rc7 23. h3 h5 24. g4 fxg4 25. hxg4 hxg4 26.
Nh2 g3 27. fxg3 a5 28. Ng4 Bg7 29. Rc5 b4 30. axb4 axb4 31. Rb5 Bc3 32. Rg5+ Kf8 33. Kg2 Rxc6 34. Ne5 Rc7 35. Rb1 Rd5 36. Nf3 Rd3 37. Kf2 Ra7 38. Ke2 Rd8 39. Rh5 Ra2+ 40.
Kf1 Rd3 41. Rh8+ Bxh8 0-1

[Event "Late-Titled-Tuesday-Blitz-February-20-2024"]
[Site "Chess.com"]
[Date "2024.02.20"]
[Round "1"]
[White "KuzubovYuriy"]
[Black "bilosuvenosu06"]
[Result "1-0"]
[WhiteElo "2981"]
[BlackElo "2493"]
[TimeControl "180+1"]
[EndTime "14:06:30 PST"]
[Termination "KuzubovYuriy won by resignation"]

1. d4 Nf6 2. Nf3 e6 3. c4 d5 4.
Nc3 Bb4 5. Bg5 O-O 6. e3 c6 7. cxd5 exd5 8. Bd3 h6 9. Bh4 Nbd7 10.
Qc2 Re8 11. O-O Nf8 12. a3 Bd6 13. h3 Ne6 14. b4 a6 15. Rab1 Bd7 16. Ne5 Bxe5 17.
dxe5 g5 18. Bg3 Nh5 19. Bh2 Qc7 20. Rbc1 Rac8 21. Qd1 Nhg7 22. Nxd5 cxd5 23. Rxc7 Rxc7 24. f4 Rec8 25. f5 Rc3 26. fxe6 Nxe6 27. Qf3 Nd8 28.
Bf5 Bxf5 29. Qxf5 Rc1 30. Bg3 Rxf1+ 31. Kxf1 Ne6 32. Qf6 h5 33. h4 g4 34. Qf5 Rc1+ 35. Ke2 Ng7 36. Qg5 Rc2+ 37. Kf1 Rc1+ 38. Kf2 Rc2+ 39.
Kg1 Rc6 40. Qd8+ Kh7 41. Qxd5 Rc1+ 42. Kh2 Ne6 43. Qe4+ Kg7 44. Qxb7 Rc3 45. Qxa6 Rxe3 46. b5 Nd4 47. Qf6+ Kg8 48. Qg5+ 1-0

[Event "Late-Titled-Tuesday-Blitz-February-20-2024"]
[Site "Chess.com"]
[Date "2024.02.20"]
[Round "1"]
[White "babero_gordo"]
[Black "OPQRC"]
[Result "1-0"]
[WhiteElo "2162"]
[BlackElo "2532"]
[TimeControl "180+1"]
[EndTime "14:06:30 PST"]
[Termination "babero_gordo won by resignation"]

1. e4 d6 2. f4 g6 3. Nf3 Bg7 4. Nc3 e5 5. Bc4 Ne7 6. d3 O-O 7. O-O Nbc6 8. a3 Be6 9. Bxe6 fxe6 10. Ng5 Nd4 11. Be3 Nec6 12. Qd2 Qe7 13. Rae1 Rf6 14. fxe5 Rxf1+ 15. Rxf1 Bxe5 16. Ne2 Rf8 17. Rxf8+ Qxf8 18. c3 Nxe2+ 19. Qxe2 Qe7 20. d4 Bf6 21. Nh3 d5 22. e5 Bg7 23. Qg4 Nd8 24. Bg5 Qd7 25. Bxd8 Qxd8 26. Qxe6+ Kh8 27. Qf7 c6 28. Ng5 Qf8 29.
e6 Qxf7 30. exf7 Bf8 31. Ne6 Bd6 32. f8=Q+ Bxf8 33. Nxf8 Kg7 34. Ne6+ Kf6 35. Nd8 Ke7 36. Nxb7 Kd7 37. Nc5+ 1-0

[Event "Late-Titled-Tuesday-Blitz-February-20-2024"]
[Site "Chess.com"]
[Date "2024.02.20"]
[Round "1"]
[White "rhungaski"]
[Black "MAGMAchess02"]
[Result "1-0"]
[WhiteElo "2592"]
[BlackElo "2238"]
[TimeControl "180+1"]
[EndTime "14:06:31 PST"]
[Termination "rhungaski won on time"]

1. e4 c5 2. Nf3 Nc6 3. d4 cxd4 4. Nxd4 e5 5. Nf5 d5 6. Qxd5 Qxd5 7. exd5 Bxf5 8. dxc6 bxc6 9. Bd3 Bxd3 10. cxd3 O-O-O 11. Ke2 f5 12. Nd2 Bc5 13. Nc4 Nf6 14. Be3 Bd4 15.
Rac1 Kc7 16. b4 Rhe8 17. Na5 Re6 18. b5 c5 19. Nc6 Rd5 20. a4 Kb6 21. Rb1 e4 22.
a5+ Kc7 23. Nxd4 cxd4 24. Bf4+ Kd7 25. b6 axb6 26. axb6 exd3+ 27. Kxd3 Rc6 28. f3 Rc3+ 29. Kd2 Rdc5 30. b7 Rc2+ 31. Ke1 d3 32. b8=Q Re2+ 33. Kf1 1-0

[Event "Late-Titled-Tuesday-Blitz-February-20-2024"]
[Site "Chess.com"]
[Date "2024.02.20"]
[Round "1"]
[White "vanyakuba"]
[Black "GothamChess"]
[Result "0-1"]
[WhiteElo "2376"]
[BlackElo "2704"]
[TimeControl "180+1"]
[EndTime "14:06:33 PST"]
[Termination "GothamChess won by resignation"]

1. e4 d5 2. exd5 Qxd5 3. Nc3 Qa5 4. d4 Nf6 5. Nf3 Bf5 6. Bd2 e6 7. Nb5 Qb6 8. a4 a6 9. a5 Qc6 10. Ne5 Qe4+ 11. Be3 axb5 12. Bxb5+ c6 13. Bd3 Qxg2 14. Kd2 Bxd3 15. cxd3 Bb4+ 16. Ke2 Nd5 17. Rg1 Nxe3 18. Kxe3 Qh3+ 19. Rg3 Qh6+ 20. f4 O-O 21. Qg1 g6 22. h4 Bd6 23. h5 Bxe5 24. dxe5 Nd7 25. Qg2 Nxe5 26. Rh1 Qg7 27. fxe5 Qxe5+ 28. Kf3 Qd5+ 29. Ke3 Qxg2 30. Rxg2 Rxa5 31. hxg6 hxg6 32. Rc1 Rd8 33. Rc3 Rb5 34. b3 Kg7 35. Ra2 g5 36. Rg2 Kg6 37. d4 Rbd5 38. Rc4 f5 39. b4 e5 40.
dxe5 Rxe5+ 41. Kf3 Rd3+ 42. Kf2 Rd2+ 43. Kf1 0-1

[Event "Late-Titled-Tuesday-Blitz-February-20-2024"]
[Site "Chess.com"]
[Date "2024.02.20"]
[Round "1"]
[White "IMRosen"]
[Black "Stalri"]
[Result "1-0"]
[WhiteElo "2681"]
[BlackElo "2357"]
[TimeControl "180+1"]
[EndTime "14:06:33 PST"]
[Termination "IMRosen won by checkmate"]

1. d4 Nf6 2. Bf4 g6 3. Nc3 d5 4. e3 Bg7 5. h4 O-O 6. h5 Nxh5 7. Rxh5 gxh5 8. Qxh5 f5 9. Nf3 e6 10. Ng5 h6 11.
Nf3 Qe8 12. Qh2 Qg6 13. Ne5 Bxe5 14. Bxe5 c5 15. Bxb8 cxd4 16. exd4 f4 17. Bd3 Qg5 18. Be5 Bd7 19. O-O-O b5 20. f3 b4 21. Ne2 a5 22.
Rh1 Kf7 23. Qxh6 Qxh6 24. Rxh6 Rg8 25. Rh7+ Ke8 26. Nxf4 a4 27. g4 b3 28. cxb3 axb3 29.
a3 Rc8+ 30. Kd2 Kd8 31. Bf6+ Kc7 32. Nxe6+ Kd6 33. Be5+ Kc6 34. Nc5 Kb6 35. Rxd7 Rxc5 36. dxc5+ Kxc5 37. f4 Rxg4 38. Rc7+ Kb6 39. Kc3 Rg3 40. a4 Ka5 41. Bd4 Rg6 42. Ra7+ Ra6 43. Rxa6# 1-0

[Event "Late-Titled-Tuesday-Blitz-February-20-2024"]
[Site "Chess.com"]
[Date "2024.02.20"]
[Round "1"]
[White "Polish_fighter3000"]
[Black "zajka-molotok"]
[Result "1-0"]
[WhiteElo "3066"]
[BlackElo "2508"]
[TimeControl "180+1"]
[EndTime "14:06:34 PST"]
[Termination "Polish_fighter3000 won by resignation"]

1. e4 e6 2. d3 d5 3. Nd2 Nf6 4. g3 a5 5. Bg2 a4 6. a3 Nc6 7. Ngf3 h6 8. O-O Be7 9. Re1 O-O 10. d4 b6 11. c3 Bb7 12. e5 Nh7 13. h4 b5 14. Bf1 Ba6 15. Bd3 Re8 16. Bc2 Na5 17.
Nh2 c5 18. Ndf3 Nc4 19. Rb1 Bb7 20. Qd3 Nf8 21. dxc5 Bxc5 22. Ng4 h5 23. Ngh2 Qb6 24. Qe2 g6 25. g4 hxg4 26. Nxg4 Be7 27. Bg5 Nh7 28.
Bxe7 Rxe7 29. Nd4 Qd8 30. Qf3 Rd7 31. Qf4 Kg7 32. Qh6+ Kh8 33. Nf6 1-0

[Event "Late-Titled-Tuesday-Blitz-February-20-2024"]
[Site "Chess.com"]
[Date "2024.02.20"]
[Round "1"]
[White "ValeriyGrinev"]
[Black "JiiHart"]
[Result "1-0"]
[WhiteElo "2550"]
[BlackElo "2169"]
[TimeControl "180+1"]
[EndTime "14:06:34 PST"]
[Termination "ValeriyGrinev won on time"]

1. e4 c5 2. Nf3 Nc6 3. Bb5 e6 4.
Bxc6 bxc6 5. d3 Be7 6. Nbd2 Nf6 7.
e5 Nd5 8. Ne4 O-O 9. Qe2 f6 10. c4 Nc7 11. exf6 Bxf6 12. Nxf6+ Qxf6 13. O-O d5 14. Bg5 Qf5 15. Bh4 Qg4 16. h3 Qh5 17.
Be7 Rf7 18. Bxc5 Bd7 19. Bd6 Ne8 20. Be5 Nf6 21. Bxf6 Rxf6 22. Rae1 Raf8 23. Ne5 Qe8 24. c5 Qc8 25. d4 Be8 26. b4 Bg6 27. f3 Qe8 28.
Qa6 Bh5 29. Qxc6 Qxc6 30. Nxc6 Rf4 31. Rxe6 Bg6 32. Re3 Bc2 33. Rc1 Ba4 34. Ne7+ Kh8 35. Nxd5 Rxd4 36. Nc3 1-0

[Event "Late-Titled-Tuesday-Blitz-February-20-2024"]
[Site "Chess.com"]
[Date "2024.02.20"]
[Round "1"]
[White "scandalgod"]
[Black "GMBenjaminBok"]
[Result "0-1"]
[WhiteElo "2501"]
[BlackElo "3010"]
[TimeControl "180+1"]
[EndTime "14:06:36 PST"]
[Termination "GMBenjaminBok won by resignation"]

1. d4 Nf6 2. c4 e6 3. g3 c5 4. d5 d6 5. Nc3 exd5 6. cxd5 g6 7.
Nf3 Bg7 8. Bg2 O-O 9. O-O Re8 10. Bf4 h6 11. Re1 g5 12. Bd2 Bf5 13. h4 g4 14. Nh2 Bg6 15. Nf1 Nbd7 16. e4 Ne5 17.
Bf4 Nfd7 18. Ne3 h5 19. a4 a6 20. Qc2 Rb8 21. a5 b5 22. axb6 Rxb6 23. Ra2 Qc7 24. Rea1 Reb8 25. Nf5 Bxf5 26. exf5 c4 27. Ne4 Rxb2 28.
Rxb2 Rxb2 29. Qa4 Qb8 30. Kh2 Nc5 31. Nxc5 dxc5 32. Re1 Rxf2 33. Kg1 Qb2 34. Bh1 Nf3+ 35. Bxf3 gxf3 36. Qe8+ Kh7 0-1

[Event "Late-Titled-Tuesday-Blitz-February-20-2024"]
[Site "Chess.com"]
[Date "2024.02.20"]
[Round "1"]
[White "Atousa"]
[Black "IlyaGrigorjev"]
[Result "0-1"]
[WhiteElo "2461"]
[BlackElo "2898"]
[TimeControl "180+1"]
[EndTime "14:06:36 PST"]
[Termination "IlyaGrigorjev won by resignation"]

1. e4 e5 2. Nf3 Nc6 3. Bb5 a6 4.
Ba4 Nge7 5. O-O Ng6 6. c3 d5 7.
exd5 Qxd5 8. Re1 Bg4 9. h3 Bxf3 10. Qxf3 Qxf3 11. gxf3 O-O-O 12. Bxc6 bxc6 13. d4 exd4 14.
cxd4 Rxd4 15. Nc3 Bb4 16. Be3 Rd3 17. Rec1 Bxc3 18. Rxc3 Rxc3 19. bxc3 Rd8 20. Kf1 Nh4 21. Ke2 Nf5 22. Rg1 g6 23. Rb1 Rd5 24. Ba7 Rb5 25.
Rd1 Rb2+ 26. Rd2 Rxd2+ 27. Kxd2 Kd7 28. Kd3 Nh4 29. Ke4 Ke6 30. Bd4 Nf5 31. Bc5 Nd6+ 32.
Kf4 f6 33. Bd4 h5 34. Ke3 Nf5+ 35. Ke4 Nxd4 36. Kxd4 g5 37. Kc5 f5 38. Kxc6 h4 39. Kxc7 g4 40. fxg4 fxg4 41. c4 gxh3 42. c5 h2 43. c6 h1=Q 44. Kb7 h3 45. Kb6 Kd6 46.
c7 Qc6+ 0-1

[Event "Late-Titled-Tuesday-Blitz-February-20-2024"]
[Site "Chess.com"]
[Date "2024.02.20"]
[Round "1"]
[White "Njal28"]
[Black "Capablanca_Oujda_2021"]
[Result "1-0"]
[WhiteElo "3003"]
[BlackElo "2499"]
[TimeControl "180+1"]
[EndTime "14:06:37 PST"]
[Termination "Njal28 won on time"]

1. d4 Nf6 2. Nf3 e6 3. c4 d5 4.
Nc3 c5 5. cxd5 cxd4 6. Qxd4 exd5 7.
e4 dxe4 8. Qxd8+ Kxd8 9. Ng5 Be6 10. a3 Nc6 11. Bf4 Bb3 12. Ncxe4 Be7 13. Nd2 Bd5 14. Bc4 Ke8 15. O-O h6 16. Ngf3 Kf8 17. Rfe1 g5 18. Bg3 Bxc4 19. Nxc4 Nh5 20. Bd6 Bxd6 21. Nxd6 Nf4 22.
Rad1 b6 23. Nf5 Rd8 24. Rxd8+ Nxd8 25. Re7 a5 26. Ra7 Kg8 27. h4 g4 28. Ne5 Kh7 29.
g3 Nd5 30. h5 Rf8 31. Nxg4 Ne6 32. Rd7 Ndc7 33. Nf6+ Kh8 34. Nxh6 Kg7 35. Nfg4 Ne8 36. Nf5+ Kh8 37. h6 Rg8 38. Ne5 1-0

[Event "Late-Titled-Tuesday-Blitz-February-20-2024"]
[Site "Chess.com"]
[Date "2024.02.20"]
[Round "1"]
[White "Angry_Twin"]
[Black "ural58"]
[Result "1-0"]
[WhiteElo "2968"]
[BlackElo "2487"]
[TimeControl "180+1"]
[EndTime "14:06:37 PST"]
[Termination "Angry_Twin won by resignation"]

1. e4 d5 2. exd5 Qxd5 3. Nc3 Qa5 4. d4 Nf6 5. Nf3 Nc6 6. Bb5 Ne4 7. Qd3 Nxc3 8. bxc3 a6 9. Bxc6+ bxc6 10. Ne5 f6 11. Nc4 Qf5 12. O-O Qxd3 13. cxd3 a5 14. Rb1 e6 15. Bf4 Kd7 16. Rfe1 Ba6 17. h3 Bxc4 18. dxc4 Bd6 19. Bxd6 Kxd6 20. Kf1 Rhb8 21. Ke2 c5 22. Kd3 cxd4 23. cxd4 Rb4 24. a3 Rxb1 25. Rxb1 Kc6 26. Kc3 h5 27. Rb5 g6 28. a4 h4 29.
f4 Kd6 30. Kd3 Kc6 31. Ke4 Kd6 32. Kf3 f5 33. Ke3 Kc6 34. Kd3 Kd6 35. Kc3 g5 36. fxg5 Rg8 37. Rxa5 Rxg5 38. Ra8 Rxg2 39. a5 Rg3+ 40. Kb4 Rxh3 41. a6 Kc6 42. Rb8 Rh1 43. a7 1-0

[Event "Late-Titled-Tuesday-Blitz-February-20-2024"]
[Site "Chess.com"]
[Date "2024.02.20"]
[Round "1"]
[White "wild3000"]
[Black "K_A_S_T_O_R"]
[Result "0-1"]
[WhiteElo "2423"]
[BlackElo "2806"]
[TimeControl "180+1"]
[EndTime "14:06:37 PST"]
[Termination "K_A_S_T_O_R won by resignation"]

1. d4 Nf6 2. Nf3 e6 3. g3 b6 4. Bg2 Bb7 5. O-O c5 6. c3 Be7 7. Bg5 O-O 8. Nbd2 cxd4 9. Nxd4 Bxg2 10. Kxg2 Qc7 11. e3 a6 12. Qf3 Ra7 13. a4 d6 14.
Rfd1 Rc8 15. Bxf6 Bxf6 16. Ne4 Be7 17. h4 h6 18. Rd2 Nd7 19. Qh5 d5 20. Ng5 hxg5 21.
hxg5 g6 22. Qh4 Qe5 23. Rh1 Nf8 24. f4 Qg7 25. Kf3 f6 26. gxf6 Bxf6 27. Qg4 Bxd4 28.
exd4 Qf6 29. Rdh2 Rh7 30. Rh6 Rxh6 31. Rxh6 Rc7 32. Qh3 Rh7 33. g4 Kg7 34. Rxh7+ Nxh7 35. Kg3 g5 36. f5 exf5 37. gxf5 Qd6+ 38. Kg2 Nf6 39. Qe3 Qh2+ 40. Kxh2 Ng4+ 41. Kg3 Nxe3 42. Kf3 Nxf5 43. b3 b5 44. axb5 axb5 45. Kg4 Kg6 46.
Kf3 Nd6 47. Kg4 Kf6 48. Kf3 Kf5 49. Ke3 g4 0-1

[Event "Late-Titled-Tuesday-Blitz-February-20-2024"]
[Site "Chess.com"]
[Date "2024.02.20"]
[Round "1"]
[White "cmunda"]
[Black "Bugcrusher"]
[Result "1-0"]
[WhiteElo "2125"]
[BlackElo "2523"]
[TimeControl "180+1"]
[EndTime "14:06:38 PST"]
[Termination "cmunda won by resignation"]

1. e4 c6 2. d4 d5 3. Nc3 dxe4 4. Nxe4 Nf6 5. Ng5 Bf5 6. Bc4 e6 7. Ne2 h6 8. Nf3 Nbd7 9. O-O Bd6 10. Ng3 Bh7 11. c3 O-O 12. Re1 Qc7 13. Qe2 c5 14. Ne5 Nb6 15. Bb3 Nbd5 16. Nh5 Nxh5 17. Qxh5 Nf6 18.
Qh4 Be7 19. Bxh6 gxh6 20. Qxh6 Kh8 21. Re3 Ng8 22. Qh5 Nf6 23. Qh6 Ng8 24. Qf4 Bd6 25. Rh3 Bxe5 26. dxe5 f6 27. Bxe6 Qxe5 28. Qh4 Nh6 29.
Qxh6 Qe4 30. f3 Qd3 31. Rg3 Rg8 32. Qxf6+ 1-0

[Event "Late-Titled-Tuesday-Blitz-February-20-2024"]
[Site "Chess.com"]
[Date "2024.02.20"]
[Round "1"]
[White "rachidhuilda"]
[Black "dedpihto_v_kozhanom_palto"]
[Result "0-1"]
[WhiteElo "2363"]
[BlackElo "2688"]
[TimeControl "180+1"]
[EndTime "14:06:39 PST"]
[Termination "dedpihto_v_kozhanom_palto won on time"]

1. d4 g6 2. e4 Bg7 3. Nc3 d6 4. Nf3 Nc6 5. d5 Ne5 6. Nd4 c5 7.
Nb3 Nf6 8. a4 O-O 9. Be2 a6 10.
O-O Rb8 11. h3 Ned7 12. Re1 b5 13. axb5 axb5 14. Nxb5 Nxe4 15. Na5 Bb7 16. c4 Nb6 17. Nc6 Qd7 18. Nxb8 Rxb8 19. Bg4 f5 20. Be2 e5 21. dxe6 Qxe6 22. Qc2 Kh8 23. Bf4 g5 24. Bc1 d5 25.
f3 Ng3 26. Bxg5 Qg6 27. Bf4 Rg8 28. Bf1 Nxc4 29. Ra7 Bc6 30. Nc3 Bd4+ 31. Kh2 Nxf1+ 32. Rxf1 Ne3 0-1